AoeStats
← かえで

Nomad

506837659Analyzed
4v4 RM · 17d ago on Sep 15, 2026· 31m 32s· 8 players
Game mode
Random Map
Map size
231×231
Population
200
Speed
Normal
Resources
Standard
Victory
Conquest
Starting age
Dark Age
Ending age
Imperial Age
RankedLock teamsTeams togetherTeam positionsShared explorationLock speedFull tech treeHidden civsTurbo modeCheats
Victory
Defeat
🇮🇩 Japanese · Indonesia
907
+15
🇰🇼 Saracens · Kuwait
887
+16
🇭🇰 Mongols · Hong Kong SAR China
835
+18
🇮🇩 Cumans · Indonesia
767
+21
🇨🇳 Wu · China
991
-22
🇨🇳 Japanese · China
875
-17
🇨🇳 Magyars · China
874
-17
🇨🇳 Wei · China
806
-14
Awe
5:46 Loom
16:55 Feudal Age
19:58 Wheelbarrow
20:41 Double-Bit Axe
23:04 Gold Mining
24:21 Horse Collar
30:50 Castle Age
31:12 Fletching
31:33 Forging
31:23 Scale Mail Armor
31:24 Padded Archer Armor
31:30 Scale Barding Armor
DekaJe
3:20 Loom
15:48 Feudal Age
20:06 Castle Age
17:54 Double-Bit Axe
19:17 Horse Collar
19:29 Fletching
19:41 Scale Mail Armor
Slayer953662
15:35 Feudal Age
15:58 Fishing Lines
16:11 Double-Bit Axe
17:06 Wheelbarrow
21:15 Stone Mining
21:15 Gold Mining
27:07 Castle Age
24:49 Horse Collar
26:36 Fletching
28:10 Bow Saw
29:09 Bodkin Arrow
31:39 Gold Shaft Mining
31:48 Forging
31:54 Gillnets
John Rambo
5:11 Loom
13:32 Feudal Age
14:07 Double-Bit Axe
15:27 Fishing Lines
21:12 Castle Age
21:16 Gold Mining
21:18 Stone Mining
23:12 Bow Saw
22:55 Gillnets
24:43 Gold Shaft Mining
24:45 Stone Shaft Mining
25:07 Gold Shaft Mining
25:03 Horse Collar
27:03 Wheelbarrow
27:28 Heavy Plow
30:52 Fletching
31:02 Padded Archer Armor
かえで
13:02 Loom
18:46 Feudal Age
19:27 Double-Bit Axe
21:16 Fishing Lines
泥巴
9:15 Loom
14:01 Feudal Age
20:20 Castle Age
18:12 Double-Bit Axe
18:10 Horse Collar
18:14 Fishing Lines
21:50 Heavy Plow
22:02 Bow Saw
28:48 Wheelbarrow
29:02 Forging
29:18 Medium Warships
dfgedthdth
18:48 Feudal Age
19:48 Double-Bit Axe
25:03 Castle Age
26:25 Husbandry
26:36 Bloodlines
26:44 Bow Saw
JiFa
14:00 Feudal Age
12:37 Loom
14:35 Horse Collar
15:40 Fishing Lines
23:11 Castle Age
21:05 Gold Mining
24:13 Bloodlines
24:04 Husbandry
27:21 Forging
Connection lost

Rejoining the realm…

Still unreachable

The connection could not be restored.

Session expired

The server has moved on; the page needs a fresh start.